 Dungeon Crawl Stone Soup version 0.18-a0-1576-g2b87869 (webtiles) character file.

249 Oddball22 the Shield-Bearer (level 6, -4/48 HPs)
             Began as a Formicid Fighter on Mar 17, 2016.
             Was a Follower of Cheibriados.
             Slain by an ogre
             ... wielding a +0 giant club
              (29 damage)
             ... on level 4 of the Dungeon.
             The game lasted 00:07:50 (2665 turns).

Oddball22 the Shield-Bearer (Formicid Fighter)      Turns: 2665, Time: 00:07:50

Health: -4/48      AC:  9    Str: 22    XL:     6   Next: 34%
Magic:  7/7        EV:  9    Int: 10    God:    Cheibriados [*.....]
Gold:   189        SH:  5    Dex: 14    Spells: 0 memorised, 5 levels left

rFire  + . .     SeeInvis +     a - +0 war axe
rCold  + . .     Gourm    .     b - +0 scale mail
rNeg   . . .     Faith    .     x - +0 buckler {rC+}
rPois  .         Spirit   .     (helmet unavailable)
rElec  .         Dismiss  .     E - +0 cloak (curse)
rCorr  .         Reflect  .     g - +0 pair of gloves
SustAt .         Harm     .     (no boots)
MR     .....                    (no amulet)
Stlth  ..........               (no ring)
                                B - ring of protection from fire

@: drained, very slow, not resistant to hostile enchantments, extremely
unstealthy
A: permanent stasis, dig shafts and tunnels, four strong arms, antennae 3
a: Dig, Shaft Self, Bend Time, Renounce Religion


You were on level 4 of the Dungeon.
You worshipped Cheibriados.
Cheibriados was aware of your devotion.
You were not hungry.

You visited 1 branch of the dungeon, and saw 4 of its levels.

You collected 189 gold pieces.

Inventory:

Hand Weapons
 a - a +0 war axe (weapon)
 z - a +2 dagger of venom
Missiles
 t - 23 bolts
Armour
 b - a +0 scale mail (worn)
 c - a +0 shield
 g - a +0 pair of gloves (worn)
 x - a +0 buckler of cold resistance (worn)
 E - a cursed +0 cloak (worn)
Jewellery
 B - a ring of protection from fire (left hand)
Scrolls
 e - 2 scrolls of blinking {unknown}
 h - 3 scrolls of remove curse {unknown}
 l - a scroll of teleportation {unknown}
 m - 2 scrolls of enchant armour {unknown}
 n - a scroll of noise {unknown}
 v - a scroll of magic mapping {unknown}
 w - 2 scrolls of identify {unknown}
 y - 2 scrolls of recharging {unknown}
 A - a scroll of enchant weapon {unknown}
Potions
 d - a potion of might
 k - 2 potions of heal wounds {unknown}
 o - a potion of cure mutation {unknown}
 p - a potion of ambrosia {unknown}
 r - a potion of mutation {unknown}
 s - a potion of curing {unknown}
 C - 2 potions of degeneration {unknown}
Comestibles
 f - 2 bread rations
 i - 2 meat rations
 j - 3 slices of pizza
 q - 2 fruits
 u - a royal jelly
 D - 3 chunks of flesh


   Skills:
 + Level 4.2(4.1) Fighting
 + Level 3.6(3.4) Axes
 + Level 4.5(4.3) Armour
 + Level 4.9(4.7) Shields
 + Level 1.7(1.6) Invocations


You had 5 spell levels left.
You didn't know any spells.

Dungeon Overview and Level Annotations

Branches:
Dungeon (4/15)
 Temple: D:4-7

Altars:
Ashenzari
Cheibriados
Dithmenos
Elyvilon
Gozag
Kikubaaqudgha
Nemelex Xobeh
Okawaru
The Shining One


Innate Abilities, Weirdness & Mutations

You are under a permanent stasis effect.
You can dig through walls and to a lower floor.
Your four strong arms can wield two-handed weapons with a shield.
You have a pair of large antennae on your head (SInv).


Message History

You closely miss the phantom.
The phantom is moderately damaged.
The phantom hits you but does no damage.
You slash the phantom!
The phantom is severely damaged.
The phantom barely misses you. The phantom hits you!
You closely miss the phantom.
The phantom is severely damaged.
The phantom blinks!
You hit the phantom.
The phantom is severely damaged.
The phantom blinks!
An ogre comes into view. It is wielding a giant club.
The phantom blinks!
The ogre hits you but does no damage.
You slash the ogre!
The ogre is moderately wounded.
The ogre hits you with a giant club! The ogre hits you with a giant club!!
Ouch! That really hurt!
You die...

...#....<........ ....# #
...#...##....... ..# #.### #
#...............##.# #.# #
#....[.......##.##.## #.# #
........#....##.##..# {
........#...........#{ { #
....................# { ##.#
#..........#.##.##..#####..
.....<..........@OW.......# #
#......###.#..#.##....#.###.#
#..........#..#.##..........#
.........................##.##
#.............................
......##..#..#..............#
....#...#..#.##....#..###.#
...>.......#.##....#..#
#.......#..#.##....#..#


You could see a phantom and an ogre.

Vanquished Creatures
  Crazy Yiuf (D:3)
  Terence (D:2)
  2 orc wizards (D:3)
  Ijyb (D:3)
  3 adders
  A worm (D:2)
  5 dart slugs
  A giant gecko (D:2)
  11 orcs
  4 giant cockroaches
  5 goblins
  6 hobgoblins
  4 jackals (D:2)
  A quokka (D:3)
  A ball python (D:2)
  6 bats
  4 giant newts
  8 kobolds
  11 rats
  A fungus (D:3)
77 creatures vanquished.

Notes
Turn   | Place    | Note
--------------------------------------------------------------
     0 | D:1      | Oddball22 the Formicid Fighter began the quest for the Orb.
     0 | D:1      | Reached XP level 1. HP: 18/18 MP: 1/1
   226 | D:1      | Reached XP level 2. HP: 24/24 MP: 2/2
   576 | D:1      | Reached XP level 3. HP: 27/29 MP: 3/3
   849 | D:2      | Found an ancient bone altar of Kikubaaqudgha.
   953 | D:2      | Found a sparkling altar of Nemelex Xobeh.
   953 | D:2      | Found a shadowy altar of Dithmenos.
   953 | D:2      | Found a glowing golden altar of the Shining One.
  1069 | D:2      | Reached XP level 4. HP: 35/37 MP: 4/4
  1082 | D:2      | Found a white marble altar of Elyvilon.
  1088 | D:2      | Noticed Terence
  1097 | D:2      | Killed Terence
  1188 | D:2      | Found an iron altar of Okawaru.
  1388 | D:3      | Reached XP level 5. HP: 36/42 MP: 5/5
  1643 | D:3      | Found an opulent altar of Gozag.
  1643 | D:3      | Found a snail-covered altar of Cheibriados.
  1662 | D:3      | Became a worshipper of Cheibriados the Contemplative
  1749 | D:3      | Noticed Ijyb
  1755 | D:3      | Killed Ijyb
  1755 | D:3      | Reached skill level 1 in Invocations
  1829 | D:3      | Found a shattered altar of Ashenzari.
  1873 | D:3      | Reached XP level 6. HP: 35/48 MP: 5/7
  2412 | D:3      | Noticed Crazy Yiuf
  2423 | D:3      | Killed Crazy Yiuf
  2423 | D:3      | Reached * piety under Cheibriados
  2639 | D:4      | Noticed a phantom
  2657 | D:4      | Noticed an ogre
  2665 | D:4      | Slain by an ogre

Vault maps used:
D:1:      lightli_arrival_noodles
D:2:      grunt_temple_overflow_open, nicolae_overflow_crystal_walls,
          elyvilon_altar_5, st_stairs_10, feat_on_display, uniq_terence
D:3:      old_standard_altar, amethyst_overflow_temple_binary, uniq_iyjb,
          uniq_crazy_yiuf_cottage
D:4:      amalloy_card_club, uniq_grinder, uniq_menkaure

Skill      XL: |  1  2  3  4  5 |
---------------+----------------+-----
Shields        | 4 |  4.9
Axes           | 3 |  3.6
Armour         | 4 |  4.5
Fighting       | 4 |  4.2
Invocations    | 1 |  1.7

Action                   |  1- 3 |  4- 6 || total
-------------------------+-------+-------++-------
Melee: War axe           |   103 |    97 ||   200
       Dagger            |       |    48 ||    48
  Eat: Chunk             |     1 |     5 ||     6
